 Dungeon Crawl Stone Soup version 0.27-a0-380-g150de4c316 (webtiles) character file.

Game seed: 3959057941006567385

150 rednaxela the Poker (level 5, 0/41 HPs)
             Began as a Formicid Abyssal Knight on Feb 18, 2021.
             Was a Believer of Lugonu.
             Slain by Natasha (5 damage)
             ... on level 2 of the Dungeon.
             The game lasted 00:06:40 (2312 turns).

rednaxela the Poker (Formicid Abyssal Knight)       Turns: 2312, Time: 00:06:41

Health: 0/41       AC:  3    Str: 18    XL:     5   Next: 58%
Magic:  6/6        EV: 11    Int: 11    God:    Lugonu [**....]
Gold:   96         SH:  0    Dex: 10    Spells: 4/4 levels left

rFire    . . .     SeeInvis +   a - +1 spear
rCold    . . .     Faith    .   (no shield)
rNeg     . . .     Spirit   .   b - +0 leather armour
rPois    .         Reflect  .   (helmet unavailable)
rElec    .         Harm     .   (no cloak)
rCorr    .         Rampage  .   (no gloves)
Will     +....                  (no boots)
Stlth    +.........             (no amulet)
HPRegen  0.13/turn              i - ring of willpower
MPRegen  0.10/turn              (no ring)

@: no status effects
A: permanent stasis, dig shafts and tunnels, four strong arms, antennae 3
a: Dig, Shaft Self, Renounce Religion, Depart the Abyss, Bend Space


You were on level 2 of the Dungeon.
You worshipped Lugonu.
Lugonu was pleased with you.
You visited 1 branch of the dungeon, and saw 2 of its levels.
You visited the Abyss 1 time.

You collected 96 gold pieces.

Inventory:

Hand Weapons
 a - a +1 spear (weapon)
 k - a +1 antimagic whip
   (You took it off a kobold on level 2 of the Dungeon)
Armour
 b - a +0 leather armour (worn)
Jewellery
 i - a ring of willpower (left hand)
   (You found it on level 2 of the Dungeon)
 n - a ring of wizardry {unknown}
   (You found it on level 2 of the Dungeon)
Scrolls
 e - a scroll of noise {unknown}
 g - a scroll of blinking {unknown}
 h - 2 scrolls of fog {unknown}
 m - a scroll of identify {unknown}
Potions
 c - 2 potions of cancellation
 d - a potion of might {unknown}
 f - 2 potions of curing {unknown}
 j - a potion of mutation {unknown}
 l - 2 potions of ambrosia {unknown}


   Skills:
 - Level 3.2 Fighting
 + Level 5.3 Polearms
 - Level 2.1 Armour
 - Level 0.8 Dodging
 - Level 2.1 Invocations


You had 4 spell levels left.
You didn't know any spells.
Your spell library was empty.

Dungeon Overview and Level Annotations

Branches:
Dungeon (2/15)

Altars:
Ashenzari
Qazlal
Vehumet

Annotations:
D:2 1 runed translucent door, Crazy Yiuf, Natasha


Innate Abilities, Weirdness & Mutations

You cannot be hasted, slowed, berserked, paralysed or teleported.
You can dig through walls and to a lower floor.
Your four strong arms can wield two-handed weapons with a shield.
You have a pair of large antennae on your head. (SInv)


Message History

You sense a monster nearby.
You see here the felid corpse of Natasha.
Natasha, Servant of Life and Death comes into view.
Natasha hisses angrily.
Natasha wildly gestures.
You feel disoriented.
You closely miss Natasha. Natasha barely misses you.
You closely miss Natasha. You hit Natasha but do no damage.
Natasha barely misses you.
You closely miss Natasha. Natasha completely misses you.
You hit Natasha.
Natasha is heavily wounded.
Natasha barely misses you.
You closely miss Natasha.
Natasha is heavily wounded.
Natasha casts a spell.
You hit Natasha but do no damage.
Natasha is heavily wounded.
You hit Natasha.
Natasha is heavily wounded.
The crimson imp closely misses you. Natasha claws you.
You hit Natasha.
Natasha is almost dead.
The crimson imp completely misses you. Natasha barely misses you.
You hit Natasha.
You kill Natasha!
Natasha yowls pathetically as she dies!
The crimson imp disappears in a puff of smoke!
You see here the felid corpse of Natasha.
HP restored.
You open the door.
There is an open door here.
A kobold comes into view.
The kobold shouts!
A kobold is nearby!
A kobold is nearby!
You barely miss the kobold. The kobold hits you.
You closely miss the kobold. You hit the kobold.
You kill the kobold!
You see here 2 stones.
You see here 2 stones.
Natasha, Servant of Life and Death comes into view.
Natasha hisses angrily.
Natasha stares at you and mumbles some strange words.
The magic dart hits you!
You reach to attack!
You closely miss Natasha. You hit Natasha.
Natasha is lightly wounded.
Natasha closely misses you.
You hit Natasha but do no damage.
Natasha is lightly wounded.
You hit Natasha but do no damage.
Natasha is lightly wounded.
Natasha claws you!
* * * LOW HITPOINT WARNING * * *
You are too injured to fight recklessly!
You are too injured to fight recklessly!
You hit Natasha but do no damage.
Natasha is lightly wounded.
Natasha claws you but does no damage.
You hit Natasha.
Natasha is heavily wounded.
Natasha claws you.
* * * LOW HITPOINT WARNING * * *
You closely miss Natasha.
Natasha is heavily wounded.
Natasha barely misses you.
You hit Natasha.
Natasha is severely wounded.
You hit Natasha but do no damage.
Natasha is severely wounded.
Natasha claws you.
* * * LOW HITPOINT WARNING * * *
You hit Natasha but do no damage.
Natasha is severely wounded.
Natasha barely misses you.
You hit Natasha but do no damage.
Natasha is severely wounded.
Natasha mumbles some strange words.
Natasha's front paws start to glow.
Natasha claws you.
* * * LOW HITPOINT WARNING * * *
You miss Natasha.
Natasha is severely wounded.
Natasha mumbles some strange words.
Natasha's front paws start to glow.
Natasha stares at you and mumbles some strange words.
The magic dart hits you.
* * * LOW HITPOINT WARNING * * *
You closely miss Natasha.
Natasha is severely wounded.
Natasha stares at you and mumbles some strange words.
The magic dart hits you.
* * * LOW HITPOINT WARNING * * *
You miss Natasha.
Natasha is severely wounded.
Okay, then.
It was a potion of cancellation.
You feel magically purged. Natasha claws you.
You die...

#####....(....................
#..........########...#.#.<...
#..#...#...# ##...#.#.....
#.###.###.###### #...##..####.
#..#...#.......# #...###.## #.
#...._.........# #...# #..# #.
#..#...#.......# #.[.####.###.
#.###.###......# #.....##..##.
#.[#...#....h@.###.....###.##.
#..........##..........'....#.
######.##.###.#####....##.#.#.
#....##......#.....#.#.#.
####.##.##.#...#...#.#.#.
#.##.##....####.#.....
#....##.##.# #.####..
##########.####.#.....
#######....#....#(###.


You could see Natasha.

Vanquished Creatures
  Natasha (twice) (D:2)
  Robin (D:1)
  3 adders (D:2)
  An ooze (D:1)
  2 dart slugs (D:1)
  4 leopard geckos
  A giant cockroach (D:1)
  10 goblins
  5 hobgoblins (D:1)
  A quokka (D:2)
  9 bats
  2 frilled lizards (D:1)
  8 kobolds
  3 rats
52 creatures vanquished.

Vanquished Creatures (others)
  A kobold (D:2)
1 creature vanquished.

Grand Total: 53 creatures vanquished

Notes
Turn   | Place    | Note
-------+----------+-------------------------------------------
     0 | Abyss:1  | rednaxela the Formicid Abyssal Knight began the quest for
                  | the Orb.
     0 | Abyss:1  | Reached XP level 1. HP: 18/18 MP: 2/2
    15 | Abyss:1  | Found a corrupted altar of Lugonu.
    42 | Abyss:2  | Noticed a thrashing horror
    61 | Abyss:3  | Found a corrupted altar of Lugonu.
    71 | Abyss:3  | Noticed a wretched star
    73 | D:1      | Escaped the Abyss
   253 | D:1      | Reached XP level 2. HP: 24/24 MP: 3/3
   321 | D:1      | Reached skill level 3 in Polearms
   336 | D:1      | Reached * piety under Lugonu
   438 | D:1      | Reached XP level 3. HP: 29/29 MP: 4/4
   876 | D:2      | Noticed Robin
   918 | D:1      | Killed Robin
  1016 | D:2      | Reached skill level 4 in Polearms
  1016 | D:2      | Reached XP level 4. HP: 25/35 MP: 5/5
  1257 | D:2      | Found a radiant altar of Vehumet.
  1687 | D:2      | Reached ** piety under Lugonu
  1694 | D:2      | Found a stormy altar of Qazlal.
  1769 | D:2      | Reached XP level 5. HP: 34/41 MP: 6/6
  1923 | D:2      | Found a runed translucent door.
  1924 | D:2      | Noticed Crazy Yiuf
  1947 | D:2      | Found a broken altar of Ashenzari.
  1963 | D:2      | Noticed Natasha
  1982 | D:2      | Killed Natasha
  1983 | D:2      | Reached skill level 5 in Polearms
  2126 | D:2      | Noticed Natasha
  2136 | D:2      | Killed Natasha
  2294 | D:2      | Noticed Natasha
  2312 | D:2      | Slain by Natasha

Illustrated notes

Levels and vault maps discovered:
D:1:      lemuel_arrival_rhombus, layout_loops_cross
D:2:      layout_basic, old_standard_altar, vehumet_crystals,
          ashenzari_conservatory_becter, uniq_natasha, uniq_robin,
          uniq_crazy_yiuf_cottage

Skill      XL: |  1  2  3  4  5 |
---------------+----------------+-----
Polearms       | 3 4 5 |  5.3
Fighting       | |  3.2
Armour         | |  2.1
Dodging        | |  0.8
Invocations    | |  2.1

Action                   |  1- 3 |  4- 6 || total
-------------------------+-------+-------++-------
Melee: Spear             |    79 |   113 ||   192
Invok: Depart the Abyss  |     1 |       ||     1
  Use: Potion            |       |     1 ||     1
 Stab: Sleeping          |     1 |       ||     1
Armor: Leather armour    |    11 |    24 ||    35
Dodge: Dodged            |    37 |    67 ||   104

Table legend: (Time is in decaauts)
 A = Elapsed time spent in this place.
 B = Non-inter-level travel time spent in this place.
 C = Inter-level travel time spent in this place.
 D = Time resting spent in this place.
 E = Time spent auto-exploring this place.
 F = Levels seen in this place.
 G = Mean time per level.
                   A        B        C        D        E       F      G
               +--------+--------+--------+--------+--------+-----+--------+
         Total |   2294 |   2251 |     43 |    361 |   1431 |   5 |  458.8 |
       Dungeon |   2222 |   2179 |     43 |    361 |   1425 |   2 | 1111.0 |
         Abyss |     72 |     72 |      0 |      0 |      6 |   3 |   24.0 |
               +--------+--------+--------+--------+--------+-----+--------+

Top non-repeatable levels by time:
     D:2: 1139 daAuts
     D:1: 1082 daAuts
 Abyss:1: 34 daAuts
 Abyss:2: 26 daAuts
 Abyss:3: 11 daAuts
